Map: Cactus Valley LE (Void)

Players

DonkeyCHEESE

  • Race: Protoss Protoss
  • League: Master
  • Spawn Location: 7:00

Imoeno - Winner!

  • Race: Protoss Protoss
  • League: Master
  • Spawn Location: 1:00

VOD

Have the link to the VOD?

Description

Time

  • Played on: March 25, 2017, 3:07 p.m.
  • Length: 24:50
Show
View Real Time Build Order
Export as new Build Order

DonkeyCHEESE Protoss 

Build Orders:  

Get SALT Encoding   

  12  0:01  Probe (Chrono Boost)  
  13  0:11  Probe (Chrono Boost)  
  14  0:22  Probe (Chrono Boost)  
  15  0:30  Pylon  
  15  0:48  Probe (Chrono Boost)  
  16  0:51  Forge  
  16  0:59  Probe (Chrono Boost)  
  17  1:15  Probe (Chrono Boost)  
  18  1:20  Assimilator  
  18  1:23  Assimilator  
  19  1:25  Probe (Chrono Boost)  
  19  1:36  Pylon  
  19  1:56  Photon Cannon  
  19  1:58  Gateway, Photon Cannon  
  19  2:07  Pylon  
  19  2:09  Pylon  
  19  2:10  Pylon  
  20  2:28  Photon Cannon  
  19  2:30  Photon Cannon  
  19  2:44  Photon Cannon  
  19  2:58  Photon Cannon  
  19  3:07  Photon Cannon  
  19  3:16  Photon Cannon  
  19  3:26  Photon Cannon  
  19  3:33  Probe (Chrono Boost)  
  19  3:36  Cybernetics Core  
  19  3:51  Probe (Chrono Boost)  
  20  4:01  Pylon  
  20  4:02  Probe (Chrono Boost)  
  21  4:13  Probe (Chrono Boost)  
  22  4:19  Stargate  
  22  4:21  Stargate  
  24  4:34  Pylon  
  24  4:35  Photon Cannon  
  24  4:42  Probe (Chrono Boost)  
  23  4:59  Photon Cannon  
  23  5:03  Phoenix  
  23  5:04  Phoenix  
  23  5:06  Probe (Chrono Boost)  
  28  5:17  Pylon  
  28  5:28  Phoenix  
  30  5:34  Phoenix  
  32  5:51  Pylon  
  32  5:53  Phoenix  
  34  5:59  Phoenix  
  36  6:29  Phoenix x2  
  40  6:54  Phoenix  
  42  7:16  Nexus  
  37  7:55  Void Ray x2  
  37  7:58  Probe (Chrono Boost)  
  46  8:01  Assimilator  
  46  8:05  Assimilator  
  46  8:08  Probe (Chrono Boost)  
  46  8:09  Pylon  
  47  8:19  Probe (Chrono Boost)  
  46  8:29  Probe (Chrono Boost)  
  45  8:55  Void Ray x2  
  53  8:57  Probe (Chrono Boost)  
  54  9:03  Probe (Chrono Boost)  
  54  9:07  Probe (Chrono Boost)  
  56  9:12  Pylon  
  56  9:14  Probe (Chrono Boost)  
  57  9:18  Probe (Chrono Boost)  
  58  9:24  Probe (Chrono Boost)  
  58  9:28  Probe (Chrono Boost)  
  58  9:35  Probe (Chrono Boost)  
  59  9:39  Void Ray, Probe (Chrono Boost)  
  59  9:40  Pylon  
  59  9:41  Pylon  
  64  9:49  Probe (Chrono Boost)  
  65  10:02  Pylon  
  65  10:22  Photon Cannon  
  65  10:24  Photon Cannon  
  65  10:25  Photon Cannon  
  65  10:27  Pylon  
  53  11:09  Photon Cannon  
  53  11:11  Photon Cannon x2  
  53  11:16  Void Ray x2  
  53  11:18  Probe (Chrono Boost)  
  62  11:25  Pylon  
  62  11:26  Stargate  
  62  11:28  Probe (Chrono Boost)  
  62  11:29  Stargate  
  59  11:42  Pylon  
  59  11:44  Pylon  
  59  11:46  Pylon  
  59  11:57  Void Ray  
  59  12:02  Void Ray  
  67  12:10  Void Ray  
  71  12:18  Probe (Chrono Boost)  
  72  12:27  Void Ray  
  72  12:28  Probe (Chrono Boost)  
  77  12:34  Void Ray  
  83  12:47  Mothership Core (Chrono Boost)  
  83  12:48  Void Ray  
  91  13:14  Void Ray  
  91  13:18  Nexus  
  91  13:48  Void Ray  
  95  13:52  Probe (Chrono Boost)  
  97  14:04  Probe (Chrono Boost)  
  97  14:16  Probe (Chrono Boost)  
  78  14:20  Void Ray  
  60  14:26  Void Ray  
  70  14:39  Mothership Core (Chrono Boost), Void Ray  
  74  14:49  Assimilator  
  74  14:53  Assimilator  
  74  15:26  Nexus  
  74  15:28  Pylon  
  74  15:31  Void Ray  
  74  15:37  Void Ray  
  82  15:50  Void Ray  
  82  15:52  Probe (Chrono Boost)  
  87  15:57  Void Ray  
  87  16:02  Probe (Chrono Boost)  
  76  16:27  Void Ray  
  76  16:32  Void Ray  
  76  16:36  Void Ray  
  80  16:41  Probe (Chrono Boost)  
  80  16:42  Probe (Chrono Boost)  
  80  16:45  Assimilator  
  83  16:48  Probe (Chrono Boost)  
  83  16:49  Assimilator  
  83  16:51  Probe (Chrono Boost)  
  83  16:52  Probe (Chrono Boost)  
  89  17:03  Probe (Chrono Boost)  
  90  17:11  Mothership Core (Chrono Boost)  
  90  17:15  Probe (Chrono Boost)  
  95  17:16  Probe (Chrono Boost)  
  96  17:26  Probe x2 (Chrono Boost)  
  96  17:28  Phoenix  
  102  17:31  Phoenix x3  
  102  17:36  Probe (Chrono Boost)  
  100  17:37  Probe (Chrono Boost)  
  100  17:45  Pylon  
  100  17:47  Probe x2 (Chrono Boost)  
  100  17:50  Phoenix  
  102  17:56  Phoenix x3  
  102  17:57  Probe (Chrono Boost)  
  102  17:58  Probe (Chrono Boost)  
  100  18:08  Probe (Chrono Boost)  
  100  18:11  Phoenix  
  87  18:21  Phoenix  
  87  18:23  Phoenix x2  
  93  18:33  Phoenix, Photon Cannon  
  93  18:35  Photon Cannon  
  93  18:36  Photon Cannon  
  93  18:39  Pylon  
  93  18:41  Probe (Chrono Boost)  
  98  18:51  Probe (Chrono Boost)  
  98  18:53  Fleet Beacon  
  103  18:56  Pylon  
  103  18:58  Pylon  
  97  19:45  Carrier  
  89  19:56  Carrier x3  
  113  20:00  Graviton Catapult  
  113  20:04  Stargate  
  113  20:07  Stargate  
  113  20:08  Nexus, Stargate  
  113  20:09  Pylon  
  113  20:11  Pylon  
  113  20:12  Probe (Chrono Boost)  
  113  20:14  Assimilator  
  114  20:17  Assimilator  
  108  20:54  Void Ray  
  108  20:56  Void Ray x2  
  120  20:59  Carrier  
  124  21:21  Carrier  
  124  21:22  Carrier  
  136  21:31  Void Ray  
  140  21:40  Carrier  
  145  22:28  Carrier  
  110  23:05  Void Ray  
  110  23:06  Void Ray x2  
Show
View Real Time Build Order
Export as new Build Order

Imoeno Protoss - Winner!

Build Orders: Nexus First 

Get SALT Encoding   

  12  0:02  Probe (Chrono Boost)  
  13  0:12  Probe (Chrono Boost)  
  14  0:23  Pylon  
  14  0:24  Probe (Chrono Boost)  
  15  0:41  Probe (Chrono Boost)  
  16  0:52  Probe (Chrono Boost)  
  17  1:02  Nexus  
  17  1:03  Probe (Chrono Boost)  
  18  1:13  Gateway  
  18  1:15  Probe (Chrono Boost)  
  19  1:20  Assimilator  
  19  1:26  Assimilator  
  19  1:29  Probe (Chrono Boost)  
  20  1:40  Forge  
  20  1:43  Probe (Chrono Boost)  
  21  1:49  Pylon  
  22  1:54  Probe (Chrono Boost)  
  22  2:04  Probe (Chrono Boost)  
  22  2:05  Cybernetics Core  
  23  2:13  Pylon  
  23  2:18  Photon Cannon  
  23  2:28  Cybernetics Core  
  23  2:39  Photon Cannon  
  23  3:07  Mothership Core (Chrono Boost)  
  24  3:20  Photon Cannon  
  22  3:32  Probe (Chrono Boost)  
  23  3:42  Probe (Chrono Boost)  
  23  3:43  Stargate  
  24  3:53  Probe (Chrono Boost)  
  25  4:03  Probe (Chrono Boost)  
  26  4:22  Nexus  
  26  4:26  Oracle  
  29  4:36  Probe (Chrono Boost)  
  30  4:48  Probe (Chrono Boost)  
  31  4:56  Void Ray  
  32  5:00  Probe (Chrono Boost)  
  36  5:12  Probe (Chrono Boost)  
  37  5:22  Pylon  
  37  5:24  Probe (Chrono Boost)  
  37  5:25  Pylon  
  38  5:30  Pylon  
  35  5:36  Phoenix  
  35  5:38  Probe (Chrono Boost)  
  38  6:00  Probe (Chrono Boost)  
  38  6:01  Phoenix, Stargate  
  35  6:24  Phoenix  
  35  6:25  Pylon, Probe (Chrono Boost)  
  37  6:35  Mothership Core (Chrono Boost)  
  37  6:36  Probe (Chrono Boost)  
  33  6:46  Probe (Chrono Boost)  
  33  6:47  Photon Cannon  
  33  6:51  Photon Cannon  
  33  6:54  Probe (Chrono Boost)  
  33  6:57  Probe (Chrono Boost)  
  33  6:58  Phoenix  
  33  7:02  Phoenix  
  33  7:07  Probe x2 (Chrono Boost)  
  38  7:18  Probe (Chrono Boost)  
  38  7:19  Probe (Chrono Boost)  
  38  7:26  Fleet Beacon  
  38  7:28  Probe (Chrono Boost)  
  39  7:31  Probe (Chrono Boost)  
  39  7:32  Pylon  
  33  7:53  Probe (Chrono Boost)  
  33  7:55  Probe (Chrono Boost)  
  34  7:59  Carrier  
  34  8:05  Probe (Chrono Boost)  
  39  8:06  Probe (Chrono Boost)  
  41  8:16  Probe (Chrono Boost)  
  41  8:17  Probe (Chrono Boost)  
  38  8:25  Carrier  
  37  8:27  Probe (Chrono Boost)  
  37  8:29  Probe (Chrono Boost)  
  39  8:39  Probe (Chrono Boost)  
  46  8:41  Probe (Chrono Boost)  
  45  8:51  Probe (Chrono Boost)  
  45  8:58  Probe (Chrono Boost)  
  47  9:03  Probe (Chrono Boost)  
  47  9:05  Assimilator  
  47  9:07  Assimilator  
  48  9:10  Probe (Chrono Boost)  
  48  9:15  Probe (Chrono Boost)  
  48  9:16  Pylon  
  49  9:17  Carrier  
  49  9:23  Probe (Chrono Boost)  
  53  9:34  Probe (Chrono Boost)  
  55  9:39  Probe (Chrono Boost)  
  56  9:46  Carrier, Probe (Chrono Boost)  
  56  9:52  Probe (Chrono Boost)  
  62  10:04  Probe (Chrono Boost)  
  64  10:07  Probe (Chrono Boost)  
  64  10:20  Probe (Chrono Boost)  
  64  10:27  Pylon  
  64  10:29  Pylon  
  64  10:30  Pylon  
  53  11:03  Carrier  
  55  11:07  Mothership Core (Chrono Boost)  
  55  11:10  Carrier  
  65  11:40  Nexus  
  64  12:03  Graviton Catapult  
  64  12:32  Nexus  
  64  12:54  Probe (Chrono Boost)  
  64  12:55  Pylon  
  66  12:58  Probe (Chrono Boost)  
  67  13:07  Probe (Chrono Boost)  
  67  13:17  Protoss Air Weapons Level 1  
  67  13:21  Assimilator  
  67  13:26  Assimilator  
  67  13:30  Pylon  
  67  13:36  Probe (Chrono Boost)  
  67  13:38  Probe (Chrono Boost)  
  75  13:58  Probe (Chrono Boost)  
  75  14:00  Probe (Chrono Boost)  
  40  14:33  Void Ray, Photon Cannon  
  40  14:35  Photon Cannon, Pylon  
  44  14:44  Assimilator x2  
  44  14:46  Void Ray  
  48  15:06  Probe (Chrono Boost)  
  51  15:07  Probe (Chrono Boost)  
  51  15:08  Probe (Chrono Boost)  
  51  15:15  Protoss Air Weapons Level 2  
  51  15:17  Probe (Chrono Boost)  
  51  15:20  Probe (Chrono Boost)  
  53  15:24  Void Ray  
  53  15:27  Probe x2 (Chrono Boost)  
  59  15:34  Void Ray  
  60  15:37  Probe (Chrono Boost)  
  64  15:43  Probe (Chrono Boost)  
  64  15:47  Probe (Chrono Boost)  
  66  15:53  Stargate  
  66  16:13  Void Ray  
  60  16:18  Void Ray  
  66  16:33  Probe (Chrono Boost)  
  66  16:34  Probe (Chrono Boost)  
  67  16:43  Nexus  
  69  16:47  Mothership Core (Chrono Boost)  
  69  16:48  Probe (Chrono Boost)  
  69  16:49  Probe (Chrono Boost)  
  69  16:51  Void Ray  
  75  16:55  Protoss Shields Level 1  
  75  16:58  Probe (Chrono Boost)  
  77  17:01  Probe (Chrono Boost)  
  77  17:06  Probe (Chrono Boost)  
  78  17:12  Void Ray  
  78  17:16  Void Ray  
  78  17:22  Probe x2 (Chrono Boost)  
  88  17:31  Probe (Chrono Boost)  
  88  17:32  Probe (Chrono Boost)  
  88  17:35  Probe (Chrono Boost)  
  91  17:43  Probe (Chrono Boost)  
  92  17:46  Void Ray  
  92  17:48  Pylon  
  96  17:53  Pylon  
  96  17:57  Probe (Chrono Boost)  
  96  17:58  Probe x2 (Chrono Boost)  
  100  17:59  Probe (Chrono Boost)  
  100  18:03  Carrier  
  84  18:12  Carrier  
  84  18:19  Probe (Chrono Boost)  
  97  18:28  Pylon  
  97  18:31  Probe x2 (Chrono Boost)  
  97  18:33  Photon Cannon  
  99  18:38  Probe (Chrono Boost)  
  99  18:39  Photon Cannon  
  99  18:41  Pylon  
  100  18:42  Carrier  
  100  18:45  Probe (Chrono Boost)  
  100  18:46  Probe (Chrono Boost)  
  108  18:51  Probe x2 (Chrono Boost)  
  108  18:55  Assimilator  
  110  18:56  Probe (Chrono Boost)  
  110  19:00  Assimilator  
  110  19:02  Photon Cannon  
  110  19:06  Probe (Chrono Boost)  
  111  19:14  Stargate  
  111  19:17  Carrier  
  111  19:18  Photon Cannon  
  111  19:21  Probe x2 (Chrono Boost)  
  111  19:22  Probe (Chrono Boost)  
  106  19:40  Carrier  
  106  19:57  Probe (Chrono Boost)  
  106  19:58  Probe (Chrono Boost)  
  108  20:00  Carrier  
  108  20:01  Probe (Chrono Boost)  
  108  20:03  Probe (Chrono Boost)  
  116  20:08  Carrier  
  118  20:27  Probe (Chrono Boost)  
  118  20:28  Probe x2 (Chrono Boost)  
  116  20:32  Carrier  
  116  20:34  Probe (Chrono Boost)  
  112  20:37  Probe (Chrono Boost)  
  112  20:38  Probe (Chrono Boost)  
  112  20:42  Photon Cannon  
  112  20:48  Probe (Chrono Boost)  
  115  21:00  Void Ray  
  115  21:09  Probe x2 (Chrono Boost)  
  121  21:14  Probe (Chrono Boost)  
  121  21:16  Probe (Chrono Boost)  
  123  21:20  Probe (Chrono Boost)  
  123  21:21  Probe (Chrono Boost)  
  125  21:25  Void Ray  
  129  21:34  Void Ray  
  129  21:36  Probe x3 (Chrono Boost)  
  129  21:38  Probe (Chrono Boost)  
  129  21:39  Protoss Air Weapons Level 3  
  137  21:52  Nexus  
  137  21:53  Probe x2 (Chrono Boost)  
  137  21:54  Probe (Chrono Boost)  
  140  21:56  Void Ray  
  144  22:36  Void Ray x2  
  152  22:59  Pylon x2  
  152  23:02  Pylon  
  152  23:03  Pylon  
  152  23:14  Void Ray  
  152  23:18  Nexus, Assimilator  
  152  23:21  Void Ray x2  
  157  23:55  Pylon  
  157  23:59  Pylon  
  157  24:08  Pylon  
  157  24:10  Pylon  
  157  24:15  Pylon  
  157  24:16  Pylon  
Tags
 
Add a new tag
Caveats
  • Supply blocks, unpowered buildings, or Contaminate may cause inaccurate times.
  • Supply counts are checked every 10 seconds.